Unix NetHack Version 3.7.0-101 Work-in-progress - last build Mar 25 2024 11:18:41 (462964f8eaac915e699fc3a71b43428251fec12b,branch:master). Game began 2024-03-29 09:27:29, ended 2024-03-29 09:42:35. elenmirie, neutral female gnomish Archeologist ------------ ...........| --------- -....---------------- |......<...| |................@..............| |..........| | -----. ----r-----....----.| |..........| | -G |.---| |.| #...........| |.| |.|..| |.| ###|..........| -.| |.|..|-+-.| # ---.-------- .| |.|..|....| # .|----.--|-..{.| # +-|..-..........| # |..|..-|--....|#### |----.|..|+--..##### |.).-.|..| |.|# |/.?|.---- |.. |!..|.. |.| -----.... -.| ..... .| ------- --- Elenmirie the Field Worker St:13 Dx:10 Co:13 In:15 Wi:15 Ch:9 Neutral Dlvl:5 $:18 HP:0(20) Pw:17(17) AC:2 Xp:3/60 T:1389 Latest messages: You hear a door open. The door opens. The door opens. You swap places with your kitten. You hear a door open. You hear a door open. The door opens. The door resists! The door resists! The door resists! You hear a door open. The door opens. "Hello, elenmirie! Welcome to Adjama's general store!" "Will you please leave your pick-axe outside?" You hear crashing rock. What do you want to use or apply? [aegqtwy or ?*] w You put an uncursed +0 pick-axe into the sack. What do you want to adjust? [a-dgklnoqtwy or ?*] q Adjust letter to what [efh-jmp-suvxzA-Z] (? see used letters)? e Moving: e - a lock pick. You see here a tripe ration (for sale, 20 zorkmids). You see here a thonged club (for sale, 5 zorkmids). You see here an egg (for sale, 12 zorkmids). You see here a steel wand (for sale, 267 zorkmids). (For instructions type a '?') Call a steel wand: 152 ste You see here a tripe ration (for sale, 20 zorkmids). You see here a scroll labeled FOOBIE BLETCH (for sale, 133 zorkmids). The kitten eats a tripe ration. You see here a clear potion (for sale, 7 zorkmids). The kitten eats an egg. The kitten picks up a scroll labeled FOOBIE BLETCH. The kitten drops a scroll labeled FOOBIE BLETCH. You feel an unexpected draft. The rabid rat misses! The rabid rat bites! The rabid rat's bite was poisoned! You lash the rabid rat. The rabid rat misses! You miss the rabid rat. The rabid rat misses! You hear someone beseeching Huhetotl. You miss the rabid rat. The rabid rat bites! You die... Do you want your possessions identified? [ynq] (y) y Do you want to see your attributes? [ynq] (y) y Do you want an account of creatures vanquished? [ynaq] (y) y Do you want to see your conduct and achievements? [ynq] (y) y Do you want to see the dungeon overview? [ynq] (y) y Inventory: Coins $ - 18 gold pieces Weapons a - an uncursed +2 bullwhip (weapon in right hand) Armor c - an uncursed +0 fedora k - an uncursed +0 orcish helm (being worn) n - an uncursed +0 pair of high boots (being worn) l - an uncursed +0 elven mithril-coat (being worn) b - an uncursed +0 leather jacket Comestibles d - 5 uncursed food rations Rings o - an uncursed ring of stealth Wands y - an uncursed wand of speed monster (0:3) Tools w - an uncursed sack containing 4 items e - a cursed lock pick t - an uncursed tinning kit (0:53) Gems/Stones g - an uncursed touchstone Contents of the sack: a blessed scroll of create monster an uncursed scroll of light an uncursed potion of water an uncursed +0 pick-axe Elenmirie the Archeologist's attributes: Background: You were a Field Worker, a level 3 female gnomish Archeologist. You were neutral, nominally on a mission for Camaxtli who was opposed by Quetzalcoatl (lawful) and Huhetotl (chaotic). You were right-handed. You were in the Gnomish Mines, on level 5. You entered the dungeon 1389 turns ago. You had 60 experience points, 20 more were needed to attain level 4. Basics: You had 0 out of 20 hit points. You had all 17 energy points (spell power). Your armor class was 2. Your wallet contained 18 zorkmids. Autopickup was on for '$' plus thrown. Final Characteristics: Your strength was 13 (limit:18/50). Your dexterity was 10 (limit:18). Your constitution was 13 (limit:18). Your intelligence was 15 (limit:19). Your wisdom was 15 (limit:18). Your charisma was 9 (limit:18). Final Status: You weren't hungry. You were unencumbered. You were wielding a whip. You had basic skill with whip. Final Attributes: You were fervently aligned. You had automatic searching. You had infravision. You were guarded. You are dead. Miscellaneous: You never encountered a bones level. Total elapsed playing time was 14 minutes and 53 seconds. Major events: Turn 1: elenmirie the neutral female gnomish Archeologist entered the dungeon 601: entered the Gnomish Mines 676: attained the rank of Field Worker (level 3) 1317: reached Mine Town 1389: killed by a rabid rat Vanquished creatures: a kitten a giant bat a werejackal an iguana a coyote a hobbit a large kobold 3 gnomes 3 jackals a fox 4 goblins 4 grid bugs a bat 3 lichens 5 newts 31 creatures vanquished. No species were genocided or became extinct. Voluntary challenges: You were an atheist. You were illiterate. You never engraved Elbereth. You never genocided any monsters. You never polymorphed an object. You never changed form. You used no wishes. Achievements: You entered the Gnomish Mines. You attained the rank of Field Worker. You entered Minetown. You entered a shop. The Dungeons of Doom: levels 1 to 2 Level 1: Level 2: A fountain. Stairs down to The Gnomish Mines. The Gnomish Mines: levels 3 to 5 Level 3: Level 4: Level 5: <- You were here. A fountain. Final resting place for you, killed by a rabid rat. Game over: ---------- / \ / REST \ / IN \ / PEACE \ / \ | elenmirie | | 18 Au | | killed by a | | rabid rat | | | | | | 2024 | *| * * * | * _________)/\\_//(\/(/\)/\//\/|_)_______ Goodbye elenmirie the Archeologist... You died in The Gnomish Mines on dungeon level 5 with 457 points, and 18 pieces of gold, after 1389 moves. You were level 3 with a maximum of 20 hit points when you died.